 Dungeon Crawl Stone Soup version 0.30-a0-862-g1aabd4f9c5 (webtiles) character file.

Game seed: 6196927307974870145

3 puppykicker the Shooter (level 1, -1/12 HPs)
             Began as a Tengu Hexslinger on Mar 9, 2023.
             Slain by a quokka (3 damage)
             ... on level 1 of the Dungeon.
             The game lasted 00:02:07 (83 turns).

puppykicker the Shooter (Tengu Hexslinger)            Turns: 83, Time: 00:02:08

Health: -1/12      AC:  2    Str: 10    XL:     1   Next: 50%
Magic:  1/3        EV: 12    Int: 13    God:
Gold:   0          SH:  0    Dex: 14    Spells: 1/2 levels left

rFire   . . .      SeeInvis .    a - +0 short sword
rCold   . . .      Faith    .    (no shield)
rNeg    . . .      Spirit   .    c - +0 robe
rPois   .          Reflect  .    (helmet restricted)
rElec   .          Rampage  .    (no cloak)
rCorr   .                        (no gloves)
Will    .....                    (boots unavailable)
Stlth   +                        (no amulet)
HPRegen 0.22/turn                (no ring)
MPRegen 0.08/turn                (no ring)

@: no status effects
A: beak, talons 3
a: no special abilities


You were on level 1 of the Dungeon.
You visited 1 branch of the dungeon, and saw 1 of its levels.

Inventory:

Hand Weapons
 a - a +0 short sword (weapon)
 b - a +1 sling
Armour
 c - a +0 robe (worn)
Scrolls
 d - a scroll of immolation {unknown}
 e - a scroll of poison {!r}


   Skills:
 + Level 1.1 Fighting
 + Level 2.4 Ranged Weapons
 - Level 2.1 Dodging
 - Level 1.0 Spellcasting
 - Level 2.1 Hexes


You had one spell level left.
You knew the following spells:

 Your Spells              Type           Power      Damage    Failure   Level
s - Slow                  Hex            24%        N/A       12%         1

Your spell library contained the following spells:

 Spells                   Type           Power      Damage    Failure   Level
 Inner Flame              Hex/Fire       3%         N/A       47%         3
 Portal Projectile        Hex/Tloc       6%         N/A       47%         3
 Cause Fear               Hex            3%         N/A       75%         4


Dungeon Overview and Level Annotations

Branches:
Dungeon (1/15)

Altars:


Innate Abilities, Weirdness & Mutations

You have a beak for a mouth.
You have claws for feet.


Message History

You take 3 damage, and have 9/12 hp.
MASSIVE DAMAGE!!
a - a +0 short sword (weapon)
The quokka bites you.
* * * LOW HITPOINT WARNING * * *
The bat hits you but does no damage.
You take 3 damage, and have 6/12 hp.
MASSIVE DAMAGE!!
The quokka attacks as you move away! The quokka barely misses you.
The bat barely misses you. The bat hits you.
* * * LOW HITPOINT WARNING * * *
Casting: Slow (safe; 12% risk of failure)
Aiming: Slow (safe; 12% risk of failure)
Press: ? - help, Shift-Dir - straight line, f/p - bat
Aim: a bat (moderately wounded, chance to affect: 57%)
The bat resists with significant effort.
The bat hits you.
* * * LOW HITPOINT WARNING * * *
The quokka barely misses you.
You take 1 damage, and have 5/12 hp.
You now have 2/3 mp.
The quokka bites you.
* * * LOW HITPOINT WARNING * * *
The bat barely misses you.
You take 1 damage, and have 4/12 hp.
The quokka attacks as you move away! The quokka misses you.
The bat attacks as you move away! The bat closely misses you.
The bat hits you but does no damage. The bat barely misses you.
The quokka misses you. The quokka attacks as you move away!
The quokka bites you.
* * * LOW HITPOINT WARNING * * *
You take 3 damage, and have 2/12 hp.
MASSIVE DAMAGE!!
Casting: Slow (safe; 12% risk of failure)
Aiming: Slow (safe; 12% risk of failure)
Press: ? - help, Shift-Dir - straight line, f - quokka, p - bat
Aim: a quokka (chance to affect: 57%)
The quokka seems to slow down.
The bat hits you but does no damage. The quokka bites you.
You die...

#............#
#............#
#............#
#............#
#............# .
####............# ..
......#'#'####.##### ...
####....#.# #.###.### ....
####)#.# #..@r#..### .....
##.#.# #..#b..#..##......
###..#.##..#...#...#..#
#...##.#.#...#...#...#......
###'####.. ..#...#...#..
....#
#.....####.#...#...#...#.
..## #.....#
#...#...#...#.... ## #..<..#
#.#...#...#...#... #.....#
..#...#......


You could see a quokka (slow) and a bat.

Levels and vault maps discovered:
D:1:      minmay_arrival_checkered_box, layout_basic, hex_medium,
          minmay_heptomino_w4

Notes
Turn   | Place    | Note
-------+----------+-------------------------------------------
     0 | D:1      | puppykicker the Tengu Hexslinger began the quest for the
                  | Orb.
     0 | D:1      | Reached XP level 1. HP: 12/12 MP: 3/3
    11 | D:1      | Identified a +0 short sword
    14 | D:1      | Identified a +0 club
    14 | D:1      | Identified a +0 club
    82 | D:1      | HP: 2/12 [quokka (3)]
    83 | D:1      | Slain by a quokka

Table legend: (Time is in decaauts)
 A = Elapsed time spent in this place.
 B = Non-inter-level travel time spent in this place.
 C = Inter-level travel time spent in this place.
 D = Time resting spent in this place.
 E = Time spent auto-exploring this place.
 F = Levels seen in this place.
 G = Mean time per level.
                   A        B        C        D        E       F      G
               +--------+--------+--------+--------+--------+-----+--------+
         Total |     87 |     87 |      0 |      8 |     32 |   1 |   87.0 |
       Dungeon |     87 |     87 |      0 |      8 |     32 |   1 |   87.0 |
               +--------+--------+--------+--------+--------+-----+--------+

Top non-repeatable levels by time:
     D:1: 87 daAuts

Table legend:
 A = Kills in this place as a percentage of kills in the entire game.
 B = Kills by you in this place as a percentage of kills by you in the entire game.
 C = Kills by friends in this place as a percentage of kills by friends in the entire game.
 D = Other kills in this place as a percentage of other kills in the entire game.
 E = Experience gained in this place as a percentage of experience gained in the entire game.
 F = Experience gained in this place divided by the number of levels of this place that you have seen.
                   A       B       C       D       E      F
               +-------+-------+-------+-------+-------+----------------------
         Total | 100.0 | 100.0 |   N/A |   N/A | 100.0 |   5.0
       Dungeon | 100.0 | 100.0 |   N/A |   N/A | 100.0 |   5.0
               +-------+-------+-------+-------+-------+----------------------

Action                     || total
---------------------------++-------
   Fire: Sling             ||    19
   Cast: Slow              ||     2
 Armour: Robe              ||    10
  Dodge: Dodged            ||    20

Vanquished Creatures
  2 goblins (D:1)
  A kobold (D:1)
3 creatures vanquished.
